 Dungeon Crawl Stone Soup version 0.22-a0-147-gfdd7f25 (webtiles) character file.

2011 SnubMonkey the Carver (level 9, -2/102 HPs)
             Began as a Demonspawn Berserker on Feb 6, 2018.
             Was an Elder of Trog.
             Slain by KristoblXynda's ghost (6 damage)
             ... on level 7 of the Dungeon.
             The game lasted 00:13:38 (5922 turns).

SnubMonkey the Carver (Demonspawn Berserker)        Turns: 5922, Time: 00:13:38

Health: -2/102     AC:  8    Str: 26    XL:     9   Next: 2%
Magic:  9/9        EV: 11    Int:  9    God:    Trog [****..]
Gold:   309        SH:  0    Dex: 19    Spells: 8/8 levels left

rFire    . . .     SeeInvis .   a - +0 scimitar (curse)
rCold    . . .     Gourm    .   (no shield)
rNeg     . . .     Faith    .   g - +0 scale mail
rPois    .         Spirit   .   (no helmet)
rElec    .         Reflect  .   H - +1 cloak {+Inv}
rCorr    .         Harm     .   (no gloves)
MR       .....                  (no boots)
Stlth    ..........             (no amulet)
HPRegen  0.27/turn              f - +3 ring of dexterity
MPRegen  0.11/turn              i - +4 ring of slaying

@: confused, berserking (expiring), very quick
A: thin skeletal structure 2, powered by death 2, powered by pain 1
a: Berserk, Trog's Hand, Brothers in Arms, Burn Spellbooks, Renounce Religion,
Evoke Invisibility


You were on level 7 of the Dungeon.
You worshipped Trog.
Trog was greatly pleased with you.
You were very hungry.

You visited 1 branch of the dungeon, and saw 7 of its levels.
You also visited: Sewer.

You collected 309 gold pieces.

Inventory:

Hand Weapons
 a - a cursed +0 scimitar (weapon)
 y - a cursed -3 falchion
Missiles
 b - 6 needles of sleeping
 A - 6 javelins (quivered)
 I - 8 poisoned needles
Armour
 g - a +0 scale mail (worn)
 s - a +0 plate armour
 H - a +1 cloak of invisibility (worn)
Jewellery
 f - a +3 ring of dexterity (left hand)
 i - a +4 ring of slaying (right hand)
 l - an uncursed ring of flight
 C - an uncursed ring of resist corrosion {unknown}
 E - an uncursed ring of resist corrosion {unknown}
 F - a cursed amulet of inaccuracy {unknown}
Wands
 t - a wand of random effects (24)
 w - a wand of polymorph (6)
Scrolls
 d - 5 scrolls of remove curse
 h - a scroll of enchant armour {unknown}
 k - 3 scrolls of immolation {unknown}
 m - 4 scrolls of teleportation
 o - 2 scrolls of blinking {unknown}
 r - 2 scrolls of magic mapping {unknown}
 u - 3 scrolls of fog
 v - 3 scrolls of fear {unknown}
 B - 2 scrolls of enchant weapon {unknown}
Potions
 e - 4 potions of curing
 j - a potion of mutation {unknown}
 p - 4 potions of heal wounds
 q - a potion of berserk rage {unknown}
 x - 3 potions of flight {unknown}
 z - 2 potions of magic {unknown}
 D - a potion of lignification {unknown}
 K - 3 potions of degeneration {unknown}
Books
 n - a book of Cantrips

   Spells                             Type                      Level
   a - Confusing Touch                Hexes                        1
   b - Animate Skeleton               Necromancy                   1
   c - Summon Small Mammal            Summoning                    1
   d - Apportation                    Translocation                1
   Trog disapproves of the use of such an item.
Comestibles
 c - 18 rations


   Skills:
 + Level 5.4 Fighting
 * Level 10.3 Long Blades
 - Level 1.7 Armour
 - Level 1.7 Dodging


You had 8 spell levels left.
You didn't know any spells.

Dungeon Overview and Level Annotations

Branches:
Dungeon (7/15)             Temple (0/1) D:6

Altars:
Dithmenos
Elyvilon
Gozag
Hepliaklqana
Okawaru
Qazlal
Sif Muna
Uskayaw
Wu Jian
Xom
The Shining One

Shops:
D:5 ?   D:6 *

Annotations:
D:7 KristoblXynda's ghost, novice DrCj


Innate Abilities, Weirdness & Mutations

You have a moderately thin skeletal structure. (Dex +4, Stealth+)
You regenerate health from kills.
You sometimes gain a little power by taking damage.


Message History

KristoblXynda's ghost gestures at you while chanting.
The magic dart hits you!
* * * LOW HITPOINT WARNING * * *
A hound comes into view.
You bump into the rock wall.
The hound barks!
The bullfrog hits you.
* * * LOW HITPOINT WARNING * * *
KristoblXynda's ghost hits you.
* * * LOW HITPOINT WARNING * * *
KristoblXynda's ghost freezes you.
* * * LOW HITPOINT WARNING * * *
You bump into the rock wall.
You feel a strong urge to attack something.
The bullfrog hits you.
* * * LOW HITPOINT WARNING * * *
You slash KristoblXynda's ghost!
KristoblXynda's ghost is severely damaged.
The bullfrog closely misses you. KristoblXynda's ghost hits you.
You die...

.. #.# #.# #.# #
#.# .# #.# .#
.#.#.######.##.##..
.......)hF@...(....
....##.#.##W##.##.
............#
#......W........#
#...##.#$######.##
#..# #.#F# #..
#.#.# #. #.#.# #.#


You could see a bullfrog, a hound and KristoblXynda's ghost.

Vanquished Creatures
  Prince Ribbit (D:5)
  A hippogriff (D:6)
  The ghost of Moebius the Caller, an amateur TeSu (D:4)
  Sigmund (D:5)
  A sky beast (D:5)
  An ogre (D:6)
  2 big kobolds (Sewer)
  2 centaurs
  A bullfrog (D:6)
  3 wights (D:4)
  A howler monkey (D:6)
  A crimson imp (D:4)
  A jelly (D:6)
  Crazy Yiuf (D:4)
  3 hounds
  Jessica (D:3)
  Ijyb (D:3)
  A worker ant (D:4)
  A hound zombie (D:5)
  3 gnolls (D:6)
  A howler monkey skeleton (D:4)
  14 adders
  5 oozes
  3 adder zombies
  An adder skeleton (D:5)
  9 worms
  2 dart slugs (D:1)
  5 leopard geckos
  8 orcs
  3 giant cockroaches
  9 goblins
  5 hobgoblins
  2 jackals (D:4)
  13 kobolds
  5 quokkas
  5 ball pythons
  12 bats
  4 frilled lizards
  A giant cockroach zombie (D:6)
  2 leopard gecko skeletons
  A quokka zombie (D:5)
  7 rats
145 creatures vanquished.

Notes
Turn   | Place    | Note
-------+----------+-------------------------------------------
     0 | D:1      | SnubMonkey the Demonspawn Berserker began the quest for the Orb.
     0 | D:1      | Reached XP level 1. HP: 18/18 MP: 1/1
    40 | D:1      | Reached skill level 3 in Long Blades
   135 | D:1      | Gained mutation: You regenerate a little health from kills. [demonic ancestry]
   135 | D:1      | Reached XP level 2. HP: 23/24 MP: 2/2
   511 | D:1      | Gained mutation: You have a somewhat thin skeletal structure. (Dex +2, Stealth) [demonic ancestry]
   511 | D:1      | Reached XP level 3. HP: 27/29 MP: 3/3
   657 | D:1      | Reached ** piety under Trog
   856 | D:2      | Reached skill level 4 in Long Blades
   910 | D:2      | Found a shadowy altar of Dithmenos.
   911 | D:2      | Found a hide-covered altar of Uskayaw.
   911 | D:2      | Found a deep blue altar of Sif Muna.
   911 | D:2      | Found a shimmering altar of Xom.
   917 | D:2      | Found an ornate altar of the Wu Jian Council.
   917 | D:2      | Found an opulent altar of Gozag.
  1633 | D:2      | Found a white marble altar of Elyvilon.
  1633 | D:2      | Found a hazy altar of Hepliaklqana.
  1751 | D:3      | Gained mutation: You sometimes gain a little power by taking damage. [demonic ancestry]
  1751 | D:3      | Reached XP level 4. HP: 31/35 MP: 4/4
  1968 | D:3      | Noticed Jessica
  1974 | D:3      | Killed Jessica
  1974 | D:3      | Reached skill level 5 in Long Blades
  2057 | D:3      | Gained mutation: You regenerate health from kills. [demonic ancestry]
  2057 | D:3      | Reached XP level 5. HP: 31/41 MP: 5/5
  2415 | D:3      | Found a glowing golden altar of the Shining One.
  2446 | D:3      | Noticed Ijyb
  2483 | D:3      | Killed Ijyb
  2933 | D:4      | Found a glowing drain.
  2967 | Sewer    | Entered a sewer
  3079 | Sewer    | Reached skill level 6 in Long Blades
  3079 | Sewer    | Reached XP level 6. HP: 35/47 MP: 6/6
  3132 | Sewer    | Reached *** piety under Trog
  3391 | D:4      | Reached skill level 7 in Long Blades
  3652 | D:4      | Reached XP level 7. HP: 52/52 MP: 7/7
  3828 | D:4      | Noticed Moebius's ghost (amateur TeSu)
  3918 | D:4      | Killed Moebius's ghost
  3918 | D:4      | Reached skill level 8 in Long Blades
  3957 | D:4      | Found a runed door.
  4276 | D:4      | Noticed Crazy Yiuf
  4285 | D:4      | Killed Crazy Yiuf
  4476 | D:5      | Entered Level 5 of the Dungeon
  4550 | D:5      | Found Bikk's Magic Scroll Shop.
  4658 | D:5      | Noticed Prince Ribbit
  4669 | D:5      | Killed Prince Ribbit
  4669 | D:5      | Reached skill level 9 in Long Blades
  4669 | D:5      | Reached XP level 8. HP: 46/59 MP: 8/8
  4889 | D:5      | Noticed Sigmund
  4901 | D:5      | Killed Sigmund
  4946 | D:5      | Found a stormy altar of Qazlal.
  5055 | D:5      | Reached **** piety under Trog
  5360 | D:6      | Found Gepsapomm's Assorted Antiques.
  5374 | D:6      | Found a staircase to the Ecumenical Temple.
  5422 | D:6      | Reached skill level 10 in Long Blades
  5548 | D:6      | Reached skill level 5 in Fighting
  5654 | D:6      | Noticed a hippogriff
  5661 | D:6      | Killed a hippogriff
  5849 | D:6      | Found an iron altar of Okawaru.
  5896 | D:7      | Gained mutation: You have a moderately thin skeletal structure. (Dex +4, Stealth+) [demonic ancestry]
  5896 | D:7      | Reached XP level 9. HP: 65/68 MP: 9/9
  5898 | D:7      | Noticed KristoblXynda's ghost (novice DrCj)
  5921 | D:7      | HP: 4/102 [bullfrog (3)]
  5922 | D:7      | Slain by KristoblXynda's ghost

Vault maps used:
D:1:      nzn_arrival_depleted_hourglass, minmay_misc_feat_room, minmay_cut_off
D:2:      minmay_overflow_temple_hex, gammafunk_temple_overflow_elements,
          minmay_misc_feat_enclosed
D:3:      nicolae_tso_carved_into_rock, uniq_ijyb, uniq_jessica
D:4:      cheibrodos_sewer_entry_sluice, first_ration, uniq_crazy_yiuf_cottage
D:5:      serial_undead, serial_undead_e, serial_undead_c, serial_undead_a,
          serial_undead_d, serial_shops, shop_fountains, basic_altar,
          uniq_sigmund, uniq_prince_ribbit1
D:6:      kennysheep_okawaru_gauntlet, minmay_temple_entry_large_hall,
          serial_shops, shop, hex_large
D:7:      lemuel_doored_altar, basic_altar, serial_shops, shop
Sewer:    sewer_co_15_rooms

Skill      XL: |  1  2  3  4  5  6  7  8 |
---------------+-------------------------+-----
Long Blades    | 3 4 5 6 7 9 10 | 10.3
Fighting       | 5 |  5.4
Armour         | |  1.7
Dodging        | |  1.7

Action                   |  1- 3 |  4- 6 |  7- 9 || total
-------------------------+-------+-------+-------++-------
Melee: Falchion          |   116 |   176 |       ||   292
       Scimitar          |       |    17 |   140 ||   157
Throw: Javelin           |       |       |     2 ||     2
Invok: Berserk           |     1 |     3 |     7 ||    11
       Trog's Hand       |       |     2 |     1 ||     3
  Use: Scroll            |     1 |     3 |     1 ||     5
 Stab: Sleeping          |     2 |       |       ||     2
  Eat: Chunk             |     3 |    11 |     9 ||    23
       Ration            |       |       |     1 ||     1
Armor: Animal skin       |    13 |       |       ||    13
       Scale mail        |    11 |    77 |    59 ||   147
Dodge: Dodged            |    93 |    71 |    74 ||   238
       Rpst.: Falchion   |    32 |    21 |       ||    53
       Scimitar          |       |       |    21 ||    21

Table legend:
 A = Spawn XP
 B = Non-spawn XP
 C = Spawn XP percentage of total XP
 D = Spawn monster count
 E = Non-spawn monster count
 F = Spawn count percentage of total count
 G = Total turns spent on level
                    A         B        C        D         E        F      G
               +---------+---------+-------+---------+---------+-------+---------
         Total |       0 |    2874 |   0.0 |       0 |     145 |   0.0 |  5922
               +---------+---------+-------+---------+---------+-------+---------
           D:1 |       0 |      51 |   0.0 |       0 |      25 |   0.0 |   841
           D:2 |       0 |      38 |   0.0 |       0 |      13 |   0.0 |   888
           D:3 |       0 |     185 |   0.0 |       0 |      28 |   0.0 |  1236
           D:4 |       0 |     693 |   0.0 |       0 |      26 |   0.0 |  1130
           D:5 |       0 |     796 |   0.0 |       0 |      14 |   0.0 |   797
           D:6 |       0 |     715 |   0.0 |       0 |      18 |   0.0 |   618
           D:7 |       0 |     118 |   0.0 |       0 |       1 |   0.0 |    31
         Sewer |       0 |     278 |   0.0 |       0 |      20 |   0.0 |   381
               +---------+---------+-------+---------+---------+-------+---------
